 Dungeon Crawl Stone Soup version 0.30.1-3-gfc49f6343a (webtiles) character file.

Game seed: 10283243290592915517

518 Peloso the Covered (level 7, 0/61 HPs)
             Began as a Minotaur Fighter on Aug 5, 2023.
             Shot with an arrow by a centaur (3 damage)
             ... on level 5 of the Dungeon.
             The game lasted 00:08:00 (3519 turns).

Peloso the Covered (Minotaur Fighter)               Turns: 3519, Time: 00:08:01

Health: 0/61       AC: 14    Str: 20    XL:     7   Next: 1%
Magic:  6/6        EV:  6    Int:  5    God:
Gold:   219        SH:  7    Dex: 12    Spells: 6/6 levels left

rFire   . . .        a - +0 long sword
rCold   . . .        d - +2 buckler
rNeg    . . .        q - +0 plate armour
rPois   .            (helmet restricted)
rElec   .            v - +0 cloak
rCorr   .            (no gloves)
SInv    .            (no boots)
Will    .....        (no amulet) Stlth
                     (no ring)
HPRegen 0.30/turn    (no ring)
MPRegen 0.10/turn

%: no passive effects
@: no status effects
A: horns 2, retaliatory headbutt
a: no special abilities


You were on level 5 of the Dungeon.
You visited 2 branches of the dungeon, and saw 7 of its levels.

You collected 219 gold pieces.

Inventory:

Hand Weapons
 a - a +0 long sword (weapon)
 b - a +1 trident of flaming
Armour
 c - a +0 chain mail
 d - a +2 buckler (worn)
 q - a +0 plate armour (worn)
 v - a +0 cloak (worn)
Wands
 p - a wand of polymorph (7)
Scrolls
 g - a scroll of magic mapping {unknown}
 h - 3 scrolls of poison {unknown}
 i - a scroll of teleportation {unknown}
 m - a scroll of identify
 o - a scroll of enchant armour {unknown}
 t - 2 scrolls of blinking {unknown}
 u - a scroll of immolation {unknown}
Potions
 e - a potion of magic
 f - a potion of haste
 j - 2 potions of might
 k - 2 potions of flight
 l - 2 potions of berserk rage {unknown}
 n - 5 potions of curing
 r - a potion of brilliance
 s - 2 potions of invisibility {unknown}


   Skills:
 + Level 5.0 Fighting
 + Level 5.6 Long Blades
 + Level 6.2 Armour
 + Level 1.3 Dodging
 + Level 0.4 Stealth
 + Level 4.5 Shields


You had 6 spell levels left.
You didn't know any spells.
Your spell library contained the following spells:

 Spells                   Type           Power      Damage    Failure   Level
 Apportation              Tloc           0%         N/A       100%        1
 Magic Dart               Conj           0%         1d3       100%        1
 Cigotuvi's Dreadful Rot  Necr/Pois/Air  0%         N/A       100%        2
 Ensorcelled Hibernation  Hex/Ice        0%         N/A       100%        2
 Passwall                 Tmut/Erth      0%         N/A       100%        2
 Searing Ray              Conj           0%         2d4       100%        2
 Swiftness                Air            0%         N/A       100%        3
 Dispel Undead            Necr           0%         3d6       100%        4
 Fulminant Prism          Conj/Hex       0%         3d5       100%        4
 Alistair's Intoxication  Tmut/Pois      0%         N/A       100%        5
 Death Channel            Necr           0%         N/A       100%        6


Dungeon Overview and Level Annotations

Branches:
Dungeon (6/15)             Temple (1/1) D:5

Altars:
Ashenzari
Cheibriados
Elyvilon
Fedhas
Hepliaklqana
Kikubaaqudgha
Ru
Sif Muna
Vehumet
Wu Jian
Xom
Yredelemnul
Zin
The Shining One


Innate Abilities, Weirdness & Mutations

You have a pair of horns on your head.
You reflexively headbutt those who attack you in melee.


Message History

The centaur barely misses you. You furiously retaliate!
You headbutt the centaur. You block the centaur's attack.
The white imp hits you but does no damage.
An endoplasm comes into view.
The centaur hits you.
The centaur kicks you but does no damage.
You closely miss the white imp.
The white imp is severely wounded.
The endoplasm quivers.
The white imp closely misses you. You furiously retaliate!
You headbutt the white imp.
You kill the white imp!
You block the centaur's attack. x2
You have reached level 7!
The centaur wields a +0 shortbow.
The centaur shoots an arrow.
The arrow hits you.
The centaur shoots an arrow.
The arrow completely misses you.
There is an open door here.
The centaur shoots an arrow.
The arrow hits you but does no damage.
The centaur shoots an arrow.
The arrow hits you.
* * * LOW HITPOINT WARNING * * *
The centaur shoots an arrow.
You block the arrow.
The centaur shoots an arrow.
You block the arrow.
The centaur shoots an arrow.
The arrow hits you but does no damage.
The centaur shoots an arrow.
The arrow hits you.
* * * LOW HITPOINT WARNING * * *
The centaur shoots an arrow.
You block the arrow.
The centaur shoots an arrow.
The arrow hits you.
* * * LOW HITPOINT WARNING * * *
The centaur shoots an arrow.
The arrow barely misses you.
There is an open door here.
The centaur shoots an arrow.
The arrow hits you but does no damage.
The centaur shoots an arrow.
The arrow hits you!
* * * LOW HITPOINT WARNING * * *
The centaur shoots an arrow.
The arrow hits you but does no damage.
The centaur shoots an arrow.
The arrow hits you.
* * * LOW HITPOINT WARNING * * *
There is an open door here.
The centaur shoots an arrow.
The arrow hits you.
You die...

... #.......#'#######
...##+#.......#..<.....
#.............#........
#.............#........
#....)........#........
#...>.........###..##.#
###'###......######'##.#
#.....#......#..........
#.....'@.....#..........
#.....#......###########
########.....#......#..###..###
.............#......#..).....#.
.............#......#....<...#.
.............#......#........'.
#.....#c..####......######.<##.
.###..'####.##...... ##'####
##........# #......


You could see a centaur.

Vanquished Creatures
  2 ogres
  A scorpion (D:4)
  Crazy Yiuf (D:4)
  A hound (D:4)
  An orc priest (D:5)
  2 sleepcaps
  Terence (D:3)
  An adder (D:5)
  A white imp (D:5)
  A worm (D:3)
  3 dart slugs
  7 orcs
  5 ball pythons (D:1)
  3 bats
  12 endoplasms
  2 giant cockroaches (D:3)
  8 hobgoblins
  6 jackals
  5 quokkas
  2 frilled lizards (D:3)
  8 goblins
  4 kobolds
  A rat (D:3)
78 creatures vanquished.

Notes
Turn   | Place    | Note
-------+----------+-------------------------------------------
     0 | D:1      | Peloso the Minotaur Fighter began the quest for the Orb.
     0 | D:1      | Reached XP level 1. HP: 19/19 MP: 0/0
   149 | D:1      | Reached XP level 2. HP: 27/27 MP: 1/1
   393 | D:1      | Reached skill level 4 in Armour
   591 | D:1      | Reached XP level 3. HP: 30/33 MP: 2/2
   605 | D:1      | Found a faded altar of an unknown god.
   803 | D:2      | Identified the +1 leather armour "Imaolepp" {*Slow +Blink
                  | rC- SInv}
  1392 | D:3      | Noticed Terence
  1412 | D:3      | Killed Terence
  1413 | D:3      | Reached XP level 4. HP: 13/41 MP: 3/3
  1791 | D:3      | You fall into a shaft and drop 3 floors!
  1809 | D:5      | Entered Level 5 of the Dungeon
  1829 | D:4      | Noticed an ogre
  2054 | D:5      | Noticed an ogre
  2065 | D:5      | Killed an ogre
  2066 | D:5      | Reached skill level 1 in Dodging
  2066 | D:5      | Reached XP level 5. HP: 11/47 MP: 4/4
  2068 | D:5      | Reached skill level 5 in Armour
  2083 | D:5      | Found a staircase to the Ecumenical Temple.
  2093 | Temple   | Entered the Ecumenical Temple
  2341 | D:3      | Reached skill level 5 in Long Blades
  2458 | D:3      | Reached XP level 6. HP: 55/55 MP: 5/5
  2725 | D:4      | Reached skill level 5 in Fighting
  3181 | D:4      | Reached skill level 6 in Armour
  3278 | D:4      | Found a runed translucent door.
  3279 | D:4      | Noticed Crazy Yiuf
  3287 | D:4      | Killed Crazy Yiuf
  3498 | D:5      | Reached XP level 7. HP: 27/61 MP: 6/6
  3517 | D:5      | HP: 3/61 [centaur/arrow (5)]
  3519 | D:5      | Shot with an arrow by a centaur

Illustrated notes

Levels and vault maps discovered:
D:1:      onia_arrival_pentagram, layout_basic,
          chequers_ecumenical_altar_simple_redux
D:2:      layout_rooms
D:3:      layout_basic, uniq_terence
D:4:      layout_rooms, serial_park_tiny_2, uniq_crazy_yiuf_cottage
D:5:      layout_gridville, nemelex_dance_club_becter,
          minmay_temple_entry_overgrown
D:6:      layout_layer_cave, grunt_dithmenos_smoke, serial_glass,
          glass_columns_b, glass_columns_b
Temple:   compressed_dpeg_circular_temple

Skill      XL: |  1  2  3  4  5  6 |
---------------+-------------------+-----
Fighting       | 4 5 |  5.0
Armour         | 4 5 6 |  6.2
Long Blades    | 3 4 5 |  5.6
Shields        | 4 |  4.5
Dodging        | 1 |  1.3
Stealth        | |  0.4

Action                     |  1- 3 |  4- 6 |  7- 9 || total
---------------------------+-------+-------+-------++-------
  Melee: Long sword        |    91 |   118 |       ||   209
         Headbutt          |    22 |    24 |       ||    46
    Use: Scroll            |     5 |       |       ||     5
         Potion            |     3 |     2 |       ||     5
 Armour: Scale mail        |    16 |       |       ||    16
         Chain mail        |    38 |    37 |       ||    75
         Plate armour      |       |    27 |     4 ||    31
  Dodge: Dodged            |    35 |    47 |     2 ||    84
  Block: Buckler           |    20 |    35 |     3 ||    58
